cohdb
Replays
Latest Replays
All Replays
Popular Replays
Top Player Replays
Match Explorer
How It Works
Community
CoH3 Stats
Reddit
Sign in to upload your games and track your stats! →
Sign in with Steam
Overplayed DAK
Match 20975496
Overview
Messages
Build Orders
End
Construct Barracks
Riflemen Squad
Selects Advanced Infantry Battlegroup
Riflemen Squad
Riflemen Squad
Mechanized Support Center
Selects Convert to Ranger Squad
Convert to Ranger Squad
Construct Motor Pool
Construct Medical Station
Selects Artillery Observers
M24 Chaffee Light Tank
Selects Designate Assault Position
Redneck
SmauGG
0
0
Comments
sign in to comment!
No comments posted yet!